 Dungeon Crawl Stone Soup version 0.26.1-11-gd32895ea62 (webtiles) character file.

Game seed: 18295746166708258561

539 ubername the Skirmisher (level 7, 0/54 HPs)
             Began as a Demonspawn Monk on June 22, 2021.
             Slain by an ice beast (11 damage)
             ... on level 5 of the Dungeon.
             The game lasted 00:09:59 (6006 turns).

ubername the Skirmisher (Demonspawn Monk)           Turns: 6006, Time: 00:09:59

Health: 0/54       AC:  8    Str: 12    XL:     7   Next: 5%
Magic:  7/7        EV: 13    Int: 12    God:
Gold:   256        SH:  0    Dex: 16    Spells: 6/6 levels left

rFire    . . .     SeeInvis .   n - +5 whip (venom)
rCold    . . .     Faith    .   (no shield)
rNeg     + . .     Spirit   .   o - +1 leather armour
rPois    .         Reflect  .   g - +0 helmet
rElec    .         Harm     .   (no cloak)
rCorr    .         Rampage  .   t - +2 pair of gloves
Will     .....                  (no boots)
Stlth    ++........             (no amulet)
HPRegen  0.18/turn              y - ring of positive energy
MPRegen  0.10/turn              (no ring)

@: no status effects
A: demonic guardian 2
a: no special abilities


You were on level 5 of the Dungeon.
You visited 2 branches of the dungeon, and saw 6 of its levels.

You collected 256 gold pieces.

Inventory:

Hand Weapons
 a - a +0 falchion
 h - a +0 dagger
 n - a +5 whip of venom (weapon)
Missiles
 m - 150 stones (quivered)
 s - 25 sling bullets
Armour
 g - a +0 helmet (worn)
 o - a +1 leather armour (worn)
 t - a +2 pair of gloves (worn)
Magical Staves
 q - an uncursed staff of air
Jewellery
 y - a ring of positive energy (left hand)
Wands
 i - a wand of acid (12)
 w - a wand of paralysis (9)
Scrolls
 c - 2 scrolls of amnesia
 e - a scroll of fog
 p - a scroll of magic mapping
 r - a scroll of enchant armour
 u - 2 scrolls of remove curse
 x - a scroll of teleportation
Potions
 b - 3 potions of curing
 d - a potion of lignification
 f - a potion of flight
 j - 3 potions of heal wounds
 k - a potion of attraction
 l - a potion of ambrosia


   Skills:
 * Level 4.1 Fighting
 - Level 2.6 Long Blades
 + Level 2.6 Maces & Flails
 * Level 3.1 Armour
 + Level 3.5 Dodging
 + Level 3.0 Stealth
 * Level 2.6 Unarmed Combat


You had 6 spell levels left.
You didn't know any spells.
Your spell library contained the following spells:

 Spells                   Type           Power        Failure   Level
 Animate Skeleton         Necr           0%           38%         1
 Apportation              Tloc           0%           38%         1
 Corona                   Hex            0%           38%         1
 Magic Dart               Conj           0%           38%         1
 Summon Small Mammal      Summ           0%           38%         1
 Blink                    Tloc           N/A          54%         2
 Call Imp                 Summ           0%           54%         2
 Slow                     Hex            0%           54%         2
 Conjure Flame            Conj/Fire      0%           77%         3
 Mephitic Cloud           Conj/Pois/Air  0%           77%         3


Dungeon Overview and Level Annotations

Branches:
Dungeon (5/15)             Temple (1/1) D:4

Altars:
Ashenzari
Cheibriados
Dithmenos
Elyvilon
Gozag
Hepliaklqana
Kikubaaqudgha
Nemelex Xobeh
Okawaru
Qazlal
Ru
Trog
Uskayaw
Vehumet
Wu Jian
Yredelemnul
Zin
The Shining One

Shops:
D:5 !


Innate Abilities, Weirdness & Mutations

A demonic guardian rushes to your aid.


Message History

You closely miss the ice beast.
The ice beast is severely wounded.
The ice beast hits you. The ice beast freezes you!
You hit the ice beast.
The ice beast is almost dead.
The ice beast hits you. The ice beast freezes you!
* * * LOW HITPOINT WARNING * * *
You barely miss the ice beast.
The ice beast is almost dead.
The ice beast hits you but does no damage.
There is an open door here.
You hit the ice beast.
The ice beast is poisoned.
The ice beast is almost dead.
The ice beast closely misses you.
You completely miss the ice beast.
The ice beast is almost dead.
The ice beast hits you.
* * * LOW HITPOINT WARNING * * *
The ice beast freezes you!
You die...

#.# #.### #.. ....#
#.##### #.#.# #.#...#
#.#.#######.#
##.#.#.###.#.........#
.....................
#...#...#..)........#
####...#....#@########.#
#..))..#.####Y#...# #
####..).#.#.#∩##'#.#.#
..##.##.#...#'#......#
.....##.....#........+
..########..##.......# .
..# ##.##.......# .. ..#
#..###'#+##.!.. .)#
##.#)..#.# ...


You could see an ice beast (very poisoned).

Vanquished Creatures
  A phantom (D:3)
  A centaur zombie (D:5)
  A jelly (D:5)
  Jessica (D:3)
  Natasha (D:3)
  An orc wizard (D:4)
  2 worker ants (D:4)
  Robin (D:4)
  A river rat (D:3)
  3 adders
  A shadow imp (D:5)
  2 ufetubi (D:5)
  An ooze (D:4)
  2 worms (D:3)
  A dart slug (D:3)
  4 leopard geckos
  8 orcs
  3 bat zombies (D:4)
  3 giant cockroaches
  13 goblins
  13 hobgoblins
  7 jackals
  8 kobolds
  2 quokkas
  3 ball pythons
  4 bats
  9 frilled lizards
  A leopard gecko skeleton (D:4)
  10 rats
  2 rat zombies (D:4)
110 creatures vanquished.

Vanquished Creatures (collateral kills)
  A bullfrog zombie (D:5)
  An orc priest (D:5)
  An orc wizard (D:5)
  A dart slug (D:3)
  A quokka skeleton (D:5)
5 creatures vanquished.

Grand Total: 115 creatures vanquished

Notes
Turn   | Place    | Note
-------+----------+-------------------------------------------
     0 | D:1      | ubername the Demonspawn Monk began the quest for the Orb.
     0 | D:1      | Reached XP level 1. HP: 18/18 MP: 1/1
   214 | D:1      | Gained mutation: A weak demonic guardian rushes to your
                  | aid. [demonic ancestry]
   214 | D:1      | Reached XP level 2. HP: 14/24 MP: 2/2
   939 | D:1      | Reached skill level 1 in Armour
   939 | D:1      | Reached skill level 1 in Unarmed Combat
  1274 | D:1      | Reached XP level 3. HP: 29/29 MP: 3/3
  1949 | D:2      | Found a basalt altar of Yredelemnul.
  2004 | D:2      | Found an iron altar of Okawaru.
  2312 | D:2      | Reached XP level 4. HP: 35/35 MP: 4/4
  2770 | D:3      | Noticed a phantom
  2827 | D:3      | Killed a phantom
  2828 | D:3      | Reached skill level 1 in Maces & Flails
  2828 | D:3      | Reached XP level 5. HP: 15/42 MP: 5/5
  3114 | D:3      | Found a glowing drain.
  3260 | D:3      | Noticed Jessica
  3472 | D:3      | Found a radiant altar of Vehumet.
  3607 | D:3      | Killed Jessica
  3693 | D:3      | Noticed Natasha
  3699 | D:3      | Killed Natasha
  4017 | D:4      | Reached XP level 6. HP: 45/48 MP: 6/6
  4511 | D:4      | Found an ancient bone altar of Kikubaaqudgha.
  4721 | D:4      | Found a staircase to the Ecumenical Temple.
  4742 | D:4      | Noticed Robin
  4753 | Temple   | Entered the Ecumenical Temple
  4975 | D:4      | Killed Robin
  5452 | D:5      | Entered Level 5 of the Dungeon
  5720 | D:5      | Reached skill level 4 in Fighting
  5814 | D:5      | Gained mutation: A demonic guardian rushes to your aid.
                  | [demonic ancestry]
  5814 | D:5      | Reached XP level 7. HP: 31/54 MP: 7/7
  5945 | D:5      | Found Ofiapn's Distillery.
  6006 | D:5      | Slain by an ice beast

Illustrated notes

Levels and vault maps discovered:
D:1:      enne_arrival_octagon_isle, layout_rooms
D:2:      kennysheep_big_flooded_room, layout_loops_ring, marbit_many_paths,
          yredelemnul_altar_generic
D:3:      layout_loops_ring, nicolae_overflow_hidden_temple,
          portal_sewer_entry_c, uniq_jessica, uniq_natasha
D:4:      layout_gridville, lemuel_zombie_altar_kikubaaqudgha,
          minmay_temple_entry_offerings, uniq_robin
D:5:      layout_basic, serial_shops, nicolae_shop_window_shopping
Temple:   eino_temple_lava

Skill      XL: |  1  2  3  4  5  6 |
---------------+-------------------+-----
Armour         | 1 2 3 |  3.1
Unarmed Combat | 1 2 |  2.6
Dodging        | 3 |  3.5
Stealth        | 2 3 |  3.0
Maces & Flails | 1 2 |  2.6
Fighting       | 4 |  4.1
Long Blades    | |  2.6

Action                   |  1- 3 |  4- 6 |  7- 9 || total
-------------------------+-------+-------+-------++-------
Melee: Dagger            |   115 |       |       ||   115
       Whip              |    67 |   191 |    16 ||   274
  Use: Scroll            |     7 |     7 |     1 ||    15
       Potion            |     2 |     6 |       ||     8
 Stab: Sleeping          |     8 |     6 |       ||    14
       Distracted        |       |     1 |       ||     1
Armor: Robe              |    17 |       |       ||    17
       Leather armour    |    11 |    32 |     5 ||    48
Dodge: Dodged            |   124 |   140 |     6 ||   270
